 Dungeon Crawl Stone Soup version 0.31-a0-845-g9abc20d24f (webtiles) character file.

Game seed: 4575365607570535484

124 javelincjr the Ruffian (level 4, -12/34 HPs)
             Began as a Demonspawn Shapeshifter on Oct 2, 2023.
             Was an Initiate of Makhleb.
             Mangled by an ogre
             ... wielding a +0 giant club
              (28 damage)
             ... on level 4 of the Dungeon.
             The game lasted 00:06:31 (3317 turns).

javelincjr the Ruffian (Demonspawn Shapeshifter)    Turns: 3317, Time: 00:06:32

Health: -12/34     AC:  9    Str: 16    XL:     4   Next: 81%
Magic:  4/4        EV: 12    Int: 12    God:    Makhleb [......]
Gold:   184        SH:  0    Dex: 12    Spells: 3/3 levels left

rFire   . . .        f - +1 mace (protect)
rCold   . . .        (no shield)
rNeg    . . .        a - +0 animal skin
rPois   .            (helmet currently unavailable)
rElec   .            (cloak currently unavailable)
rCorr   .            (gloves currently unavailable)
SInv    .            (boots currently unavailable)
Will    .....        (no amulet)
Stlth   +            (no ring)
HPRegen 0.25/turn    (no ring)
MPRegen 0.09/turn

%: no passive effects
@: beast-form, under a protective aura
A: beast (slay +1), horns 1
a: Begin Untransformation, Renounce Religion


You were on level 4 of the Dungeon.
You worshipped Makhleb.
Makhleb was noncommittal.
You were a hulking beast.
You visited 1 branch of the dungeon, and saw 4 of its levels.

You collected 184 gold pieces.

Inventory:

Hand Weapons
 f - a +1 mace of protection (weapon)
Missiles
 s - 5 datura-tipped darts
Armour
 a - a +0 animal skin (worn)
 t - a +0 cloak
 v - a +0 pair of gloves
Talismans
 c - a beast talisman (active)
 d - a flux talisman
Scrolls
 e - a scroll of fog {unknown}
 h - a scroll of vulnerability {unknown}
 i - a scroll of immolation {unknown}
 k - a scroll of revelation {unknown}
 m - a scroll of torment {unknown}
 q - a scroll of enchant weapon {unknown}
 u - a scroll of noise {unknown}
 w - a scroll of teleportation {unknown}
Potions
 b - a potion of lignification
 g - a potion of degeneration {unknown}
 j - a potion of cancellation {unknown}
 l - a potion of enlightenment {unknown}
 n - 3 potions of curing {unknown}
 o - a potion of berserk rage {unknown}
 p - 2 potions of attraction {unknown}
 r - a potion of haste {unknown}


   Skills:
 + Level 2.4 Fighting
 + Level 2.7 Dodging
 + Level 3.4 Unarmed Combat
 + Level 3.3 Shapeshifting


You had 3 spell levels left.
You didn't know any spells.
Your spell library contained the following spells:

 Spells                   Type           Power      Damage    Failure   Level
 Cigotuvi's Dreadful Rot  Necr/Pois/Air  0%         N/A       45%         2
 Ignite Poison            Fire/Tmut/Pois 0%         N/A       69%         3
 Inner Flame              Hex/Fire       0%         N/A       69%         3
 Flame Wave               Conj/Fire      0%         2d4       97%         4
 Freezing Cloud           Conj/Ice/Air   0%         6-21      100%        5
 Ignition                 Fire           0%         3d3       100%        8


Dungeon Overview and Level Annotations

Branches:
Dungeon (4/15)
 Temple: D:4-7

Altars:
Makhleb


Innate Abilities, Weirdness & Mutations

You are a hulking beast.
Your limbs bulge with bestial killing power. (Slay +1)
You have a pair of small horns on your head.


Message History

v - a +0 pair of gloves An endoplasm comes into view.
Found a scroll labelled BIRIGI NECUXZO.
The endoplasm quivers.
The endoplasm misses you.
You sock the endoplasm!
Your weapon exudes an aura of protection.
You kill the endoplasm!
Makhleb accepts your kill.
No target in view!
No target in view!
w - a scroll labelled BIRIGI NECUXZO
Okay, then.
Found a ring mail.
You now have 184 gold pieces (gained 9).
Found a stone.
An ogre comes into view. It is wielding a +0 giant club.
The ogre misses you.
You sock the ogre!
Your weapon exudes an aura of protection.
The ogre is heavily wounded.
The ogre barely misses you.
You hit the ogre.
The ogre is heavily wounded.
The ogre misses you.
You hit the ogre.
The ogre is almost dead.
The ogre hits you but does no damage.
You hit the ogre.
The ogre is almost dead.
The ogre hits you with a +0 giant club!!
Ouch! That really hurt!
You are too injured to fight recklessly!
You are too injured to fight recklessly!
You barely miss the ogre.
You headbutt the ogre, but do no damage.
The ogre is almost dead.
The ogre hits you with a +0 giant club!!
Ouch! That really hurt!
You die...

### #.. #.# #.#
#.# #.####...
##########
#........
.........#####O#
########......h#
#.#####.# #...#
#.# #.#(# #.#
#.#.# #.#
#.#.###.#
#.#...... #
#.##..... ##
#.##..# #.#


You could see an ogre.

Vanquished Creatures
  Terence (D:3)
  5 adders
  A worm (D:3)
  3 dart slugs
  8 endoplasms
  4 giant cockroaches
  4 goblins
  2 hobgoblins (D:1)
  2 kobolds
  3 quokkas
  4 ball pythons (D:1)
  2 frilled lizards
  4 rats
43 creatures vanquished.

Notes
Turn   | Place    | Note
-------+----------+-------------------------------------------
     0 | D:1      | javelincjr the Demonspawn Shapeshifter began the quest for
                  | the Orb.
     0 | D:1      | Reached XP level 1. HP: 15/15 MP: 1/1
   233 | D:1      | Gained mutation: You have a pair of small horns on your
                  | head. [demonic ancestry]
   233 | D:1      | Reached XP level 2. HP: 14/21 MP: 2/2
   334 | D:1      | Found a faded altar of an unknown god.
   852 | D:1      | HP: 1/21 [frozen (4)]
   881 | D:1      | Reached XP level 3. HP: 11/27 MP: 3/3
  1519 | D:2      | Got a conspicuous book
  1654 | D:2      | Reached XP level 4. HP: 25/33 MP: 4/4
  2579 | D:3      | Noticed Terence
  2595 | D:3      | Killed Terence
  2926 | D:4      | Found a burning altar of Makhleb.
  2956 | D:4      | Became a worshipper of Makhleb the Destroyer
  3297 | D:4      | Noticed an ogre
  3317 | D:4      | Mangled by an ogre

Illustrated notes

Levels and vault maps discovered:
D:1:      lightli_arrival_chessboard, layout_basic,
          hellmonk_ecumenical_altar_slurped_away, serial_forest,
          infiniplex_forest_zigzag_1, infiniplex_forest_clump_double,
          infiniplex_forest_lined_room_2, infiniplex_forest_end_2,
          infiniplex_forest_fountain, infiniplex_forest_split,
          infiniplex_forest_clump_small
D:2:      layout_loops_ring
D:3:      layout_loops_corners, uniq_terence
D:4:      layout_loops_ring, mainiacjoe_overflow_concentric_impassable,
          uniq_sigmund

Skill      XL: |  1  2  3 |
---------------+----------+-----
Dodging        | 2 |  2.7
Unarmed Combat | 3 |  3.4
Shapeshifting  | 3 |  3.3
Fighting       | 2 |  2.4

Action                     |  1- 3 |  4- 6 || total
---------------------------+-------+-------++-------
  Melee: Mace              |    82 |    43 ||   125
         Unarmed           |     6 |       ||     6
         Headbutt          |    15 |     5 ||    20
         Punch             |     1 |       ||     1
   Stab: Sleeping          |     2 |       ||     2
 Armour: Animal skin       |    47 |    33 ||    80
  Dodge: Dodged            |    59 |    19 ||    78

Table legend: (Time is in decaauts)
 A = Elapsed time spent in this place.
 B = Non-inter-level travel time spent in this place.
 C = Inter-level travel time spent in this place.
 D = Time resting spent in this place.
 E = Time spent auto-exploring this place.
 F = Levels seen in this place.
 G = Mean time per level.
                   A        B        C        D        E       F      G
               +--------+--------+--------+--------+--------+-----+--------+
         Total |   3365 |   3276 |     89 |    157 |   2627 |   4 |  841.2 |
       Dungeon |   3365 |   3276 |     89 |    157 |   2627 |   4 |  841.2 |
               +--------+--------+--------+--------+--------+-----+--------+

Top non-repeatable levels by time:
     D:1: 1193 daAuts
     D:3: 971 daAuts
     D:2: 731 daAuts
     D:4: 469 daAuts
